 Dungeon Crawl Stone Soup version 0.29-a0-553-g81b289dbe5 (webtiles) character file.

Game seed: 18238411156317182178

8510 Essalna the Fighter (level 11, -4/170 HPs)
             Began as a Grey Draconian Transmuter on June 6, 2022.
             Was an Elder of Elyvilon.
             Slain by a basilisk (7 damage)
             ... on level 2 of the Lair of Beasts.
             The game lasted 00:20:04 (10134 turns).

Essalna the Fighter (Grey Draconian Transmuter)    Turns: 10134, Time: 00:20:05

Health: -4/170     AC:  9    Str: 12    XL:     11   Next: 10%
Magic:  14/14      EV:  6    Int: 24    God:    Elyvilon [****..]
Gold:   490        SH:  0    Dex: 12    Spells: 6/14 levels left

rFire   x . .      SeeInvis .     - Unarmed
rCold   + + +      Faith    .   (shield currently unavailable)
rNeg    . . .      Spirit   .   (body armour unavailable)
rPois   +          Reflect  .   (helmet currently unavailable)
rElec   .          Harm     .   (cloak currently unavailable)
rCorr   +          Rampage  .   (gloves currently unavailable)
Will    .....                   (boots currently unavailable)
Stlth   ..........              o - amulet of regeneration
HPRegen 1.18/turn               g - ring of resist corrosion
MPRegen 0.14/turn               s - +6 ring of intelligence

@: berserking (expiring), ice-form, petrifying (expiring)
A: freezing attack, boosted hp, AC +12, amphibious, large, unfitting armour,
(cold-blooded)
a: End Transformation, Renounce Religion, Purification, Heal Other, Heal Self


You were on level 2 of the Lair of Beasts.
You worshipped Elyvilon.
Elyvilon was greatly pleased with you.
You were a creature of crystalline ice.
You visited 3 branches of the dungeon, and saw 12 of its levels.
You also visited: Sewer.

You collected 490 gold pieces.

Inventory:

Missiles
 I - a throwing net
Armour
 f - a +0 pair of gloves (melded)
Jewellery
 b - an amulet of reflection
 g - a ring of resist corrosion (left front paw)
 o - an amulet of regeneration (around neck)
 r - an amulet of magic regeneration
 s - a +6 ring of intelligence (right front paw)
 x - the ring of Kefu {rF++ rN+ Slay-6 SInv Stlth+}
   (You found it on level 6 of the Dungeon)

   [ring of positive energy]

   Slay:      It affects your accuracy & damage with ranged weapons and melee
   (-6).
   rF:        It greatly protects you from fire.
   rN:        It protects you from negative energy.
   SInv:      It lets you see invisible.
   Stlth:     It makes you more stealthy.
 G - a +6 ring of intelligence
Wands
 j - a wand of mindburst (36)
 z - a wand of flame (23)
 J - a wand of polymorph (4)
Scrolls
 e - 6 scrolls of teleportation
 h - 3 scrolls of fear
 m - 3 scrolls of identify
 q - 3 scrolls of poison
 y - a scroll of acquirement {unknown}
 A - a scroll of magic mapping {unknown}
 B - a scroll of brand weapon
 C - 2 scrolls of blinking {unknown}
 D - 2 scrolls of amnesia {unknown}
 E - a scroll of fog {unknown}
 K - a scroll of vulnerability {unknown}
Potions
 a - 3 potions of lignification
 c - 5 potions of curing
 d - 6 potions of cancellation {unknown}
 i - a potion of degeneration {unknown}
 l - 5 potions of heal wounds {unknown}
 n - 5 potions of ambrosia {unknown}
 p - 2 potions of flight {unknown}
 t - a potion of resistance {unknown}
 u - 3 potions of attraction
 v - a potion of might {unknown}
 w - a potion of magic {unknown}
 F - 2 potions of mutation {unknown}
 H - a potion of brilliance


   Skills:
 + Level 8.6 Fighting
 + Level 7.4 Dodging
 + Level 8.4 Unarmed Combat
 - Level 2.0 Spellcasting
 + Level 8.1 Transmutations
 + Level 7.5 Ice Magic


You had 6 spell levels left.
You knew the following spells:

 Your Spells              Type           Power      Damage    Failure   Level
a - Beastly Appendage     Tmut           82%        N/A       1%          1
b - Ice Form              Ice/Tmut       39%        N/A       4%          4
c - Spider Form           Tmut/Pois      21%        N/A       7%          3

Your spell library contained the following spells:

 Spells                   Type           Power      Damage    Failure   Level
 Wereblood                Tmut           41%        N/A       1%          2
 Apportation              Tloc           4%         N/A       12%         1
 Necrotize                Necr           8%         1d4       12%         1
 Summon Small Mammal      Summ           8%         N/A       12%         1
 Ignite Poison            Fire/Tmut/Pois 15%        N/A       12%         3
 Scorch                   Fire           4%         2d5       19%         2
 Conjure Flame            Conj/Fire      2%         6-21      34%         3
 Gell's Gravitas          Tloc           2%         N/A       34%         3
 Lesser Beckoning         Tloc           2%         N/A       34%         3
 Teleport Other           Tloc           2%         N/A       34%         3
 Flame Wave               Conj/Fire      2%         2d4       75%         4
 Sticky Flame             Conj/Fire      2%         2d3       75%         4
 Summon Cactus Giant      Summ           1%         N/A       100%        6


Dungeon Overview and Level Annotations

Branches:
Dungeon (9/15)             Temple (1/1) D:5            Lair (2/6) D:8
  Sewer (visited)
  Swamp: Lair:2-4    Shoals: Lair:2-4     Snake: Lair:2-4    Spider: Lair:2-4
    Orc: D:9-12

Altars:
Ashenzari
Cheibriados
Dithmenos
Elyvilon
Fedhas
Gozag
Hepliaklqana
Kikubaaqudgha
Makhleb
Nemelex Xobeh
Okawaru
Qazlal
Ru
Sif Muna
Trog
Vehumet
Xom
Yredelemnul
Zin
The Shining One

Shops:
D:2 [


Innate Abilities, Weirdness & Mutations

You are a creature of crystalline ice.
You have a powerful freezing melee attack.
Your maximum health is increased.
Your armour is entirely melded.
You are incapable of wielding weapons or throwing items.
((Your dull iron-grey scales are very hard. (AC +12)))
You are amphibious.
You cannot fit into any form of body armour.
((You are cold-blooded and may be slowed by cold attacks.))


Message History

The komodo dragon is heavily wounded.
You punch the komodo dragon! You freeze the komodo dragon.
The komodo dragon is almost dead.
The yak barely misses you. The komodo dragon bites you!
* * * LOW HITPOINT WARNING * * *
You completely miss the komodo dragon.
The komodo dragon is almost dead.
The yak gores you but does no damage. The komodo dragon closely misses you.
The dream sheep bleats!
You punch the komodo dragon! You freeze the komodo dragon.
You kill the komodo dragon!
You punch the yak! You freeze the yak.
The yak is heavily wounded.
The yak gores you. Elyvilon protects you from harm!
You pummel the yak!! You freeze the yak.
You kill the yak!
You hear a bellow!
You pummel the yak!! You freeze the yak.
The yak is almost dead.
The yak gores you! Elyvilon protects you from harm! The basilisk gazes at you.
You are slowing down.
You punch the yak! You freeze the yak.
You kill the yak!
You punch the cane toad!
The cane toad seems to slow down.
You freeze the cane toad.
The cane toad is heavily wounded.
The cane toad stings you!
* * * LOW HITPOINT WARNING * * *
Your limbs are stiffening.
You punch the cane toad!
The cane toad seems to slow down.
You freeze the cane toad.
The cane toad is severely wounded.
The basilisk bites you but does no damage.
You pummel the cane toad!! You freeze the cane toad.
You kill the cane toad!
The basilisk bites you!
You die...

....[...## P.>......P#
) #.........#
#.+........#
........Y.##
#.#.......Y.#
..........# .#.l##+Y##
## ##.YY.## #.###.##.#
##.##....### ###
####...†......#
#P######..P.........##
#..†................#
...####.##P..........#
#.## #####.........##
### #..........#


You could see a yak, a basilisk and a dream sheep.

Vanquished Creatures
  A boulder beetle (Lair:1)
  A black mamba (Lair:1)
  A torpor snail (Lair:2)
  3 cane toads
  A rime drake (Lair:1)
  Maggie (D:8)
  2 komodo dragons
  2 wyverns
  12 yaks
  4 water moccasins
  3 orc warriors
  5 ice beasts
  3 black bears
  A centaur (D:8)
  4 ogres
  A phantom (D:5)
  5 bullfrogs
  4 kobold brigands
  A necrophage (D:5)
  A scorpion (D:5)
  A wight (D:8)
  A howler monkey (D:7)
  6 hounds
  5 jellies
  A gnoll shaman (D:3)
  An orc priest (D:7)
  An iguana (D:5)
  7 orc wizards
  Robin (D:2)
  7 gnolls
  11 adders
  2 river rats
  A shadow imp (D:6)
  2 white imps
  2 ufetubi
  2 worms (D:2)
  3 dart slugs
  33 orcs
  17 endoplasms
  5 giant cockroaches
  24 goblins
  3 hobgoblins
  4 quokkas
  12 ball pythons
  2 bats
  7 frilled lizards
  25 kobolds
  9 rats
251 creatures vanquished.

Vanquished Creatures (others)
  25 fungi
  51 plants
76 creatures vanquished.

Grand Total: 327 creatures vanquished

Notes
Turn   | Place    | Note
-------+----------+-------------------------------------------
     0 | D:1      | Essalna the Draconian Transmuter began the quest for the
                  | Orb.
     0 | D:1      | Reached XP level 1. HP: 16/16 MP: 3/3
   384 | D:1      | Reached XP level 2. HP: 20/23 MP: 3/5
   892 | D:2      | Reached XP level 3. HP: 29/29 MP: 4/6
   914 | D:2      | Noticed Robin
   958 | D:2      | Killed Robin
  1309 | D:2      | Found a faded altar of an unknown god.
  1503 | D:2      | Reached XP level 4. HP: 36/36 MP: 5/7
  1508 | D:2      | Learned a level 4 spell: Ice Form
  1531 | D:2      | Found Wefeluh's Armour Emporium.
  2836 | D:3      | Found a sacrificial altar of Ru.
  2836 | D:3      | Found an ancient bone altar of Kikubaaqudgha.
  2836 | D:3      | Found an iron altar of Okawaru.
  2836 | D:3      | Found a glowing golden altar of the Shining One.
  2854 | D:3      | Found a shimmering blue altar of Sif Muna.
  2859 | D:3      | Found a stormy altar of Qazlal.
  2960 | D:3      | Found a basalt altar of Yredelemnul.
  2987 | D:4      | Noticed a black bear
  2995 | D:4      | Killed a black bear
  2996 | D:4      | Reached skill level 1 in Ice Magic
  2996 | D:4      | Reached XP level 5. HP: 45/45 MP: 5/8
  3224 | D:4      | Reached XP level 6. HP: 51/51 MP: 9/9
  3913 | D:5      | Entered Level 5 of the Dungeon
  4133 | D:5      | Found a staircase to the Ecumenical Temple.
  4159 | D:5      | Found a glowing drain.
  4189 | D:5      | Your scales start taking on a dull iron-grey colour.
  4189 | D:5      | Reached XP level 7. HP: 54/58 MP: 10/10
  4209 | Sewer    | Entered a sewer
  4368 | Sewer    | Found a shimmering altar of Xom.
  4527 | D:5      | You fall into a shaft and drop 2 floors!
  4588 | D:6      | Identified the ring of Kefu {rF++ rN+ Slay-6 SInv Stlth+}
  4656 | Temple   | Entered the Ecumenical Temple
  4678 | Temple   | Became a worshipper of Elyvilon the Healer
  4701 | D:5      | Reached skill level 5 in Unarmed Combat
  4815 | D:5      | Reached XP level 8. HP: 14/67 MP: 9/11
  5086 | D:6      | Reached skill level 5 in Fighting
  5331 | D:6      | Reached skill level 5 in Transmutations
  5724 | D:6      | Reached * piety under Elyvilon
  5836 | D:6      | Reached skill level 5 in Dodging
  6030 | D:6      | Reached XP level 9. HP: 75/75 MP: 12/12
  6319 | D:7      | Reached skill level 5 in Ice Magic
  6603 | D:7      | Found a radiant altar of Vehumet.
  6739 | D:7      | Reached ** piety under Elyvilon
  6980 | D:8      | Noticed Maggie
  7320 | D:8      | Killed Maggie
  7576 | D:8      | Reached XP level 10. HP: 74/86 MP: 9/13
  7644 | D:8      | Found a staircase to the Lair.
  7875 | D:8      | Found an opulent altar of Gozag.
  8592 | D:9      | Reached *** piety under Elyvilon
  8763 | Lair:1   | Entered Level 1 of the Lair of Beasts
  9194 | Lair:1   | Noticed a boulder beetle
  9255 | D:8      | Learned a level 3 spell: Spider Form
  9346 | Lair:1   | Killed a boulder beetle
  9408 | Lair:1   | Reached **** piety under Elyvilon
  9449 | Lair:1   | Noticed a cane toad
  9459 | Lair:1   | Killed a cane toad
  9754 | Lair:1   | Noticed a black mamba
  9764 | Lair:1   | Killed a black mamba
 10052 | Lair:2   | Noticed a cane toad
 10053 | Lair:2   | Noticed a torpor snail
 10060 | Lair:2   | Killed a cane toad
 10061 | Lair:2   | Reached XP level 11. HP: 92/95 MP: 10/14
 10125 | Lair:2   | HP: 3/170 [komodo dragon (8)]
 10128 | Lair:2   | Elyvilon protects you from harm!
 10130 | Lair:2   | Elyvilon protects you from harm!
 10132 | Lair:2   | HP: 1/170 [cane toad (8)]
 10134 | Lair:2   | Slain by a basilisk

Illustrated notes

Levels and vault maps discovered:
D:1:      dpeg_arrival_renting, layout_basic
D:2:      layout_loops_corners, hellmonk_ecumenical_altar_run_dry, serial_shops,
          nicolae_shop_crystal, uniq_robin
D:3:      layout_loops_ring, minmay_overflow_temple_hex,
          mainiacjoe_overflow_alcove_4, mrwooster_statue_mirror
D:4:      layout_basic, minmay_distorted
D:5:      layout_rooms, minmay_temple_entry_statues_pillars,
          portal_sewer_entry_a, serial_bayou_lagoon_a
D:6:      layout_loops_corners, chequers_jeans, minmay_ogre_servants
D:7:      layout_gridville, lemuel_coloured_pillars_altar
D:8:      layout_basic, grunt_gozag_breadcrumbs, grunt_lair_entry_orc_guard_hut,
          minmay_crossroads, uniq_maggie
D:9:      layout_gridville, mainiacjoe_overflow_24_doors,
          mainiacjoe_overflow_catwalk, minivault_12
Temple:   minmay_freezing_vapour_temple
Lair:1:   layout_cave_pods, nzn_sisyphean_effort
Lair:2:   layout_roguey, nicolae_lair_grove_arrangements, uniq_gastronok

Skill      XL: |  1  2  3  4  5  6  7  8  9 10 11 |
---------------+----------------------------------+-----
Dodging        | 2 3 4 5 6 7 |  7.4
Fighting       | 2 3 4 5 7 8 |  8.6
Unarmed Combat | 4 5 6 7 8 |  8.4
Transmutations | 3 4 5 6 7 8 |  8.1
Ice Magic      | 1 2 3 4 6 7 |  7.5
Spellcasting   | |  2.0

Action                   |  1- 3 |  4- 6 |  7- 9 | 10-12 || total
-------------------------+-------+-------+-------+-------++-------
Melee: Unarmed           |    91 |   220 |   387 |   127 ||   825
       Kick              |    23 |    54 |    74 |       ||   151
       Headbutt          |     8 |    26 |    46 |       ||    80
       Punch             |     2 |     3 |     3 |       ||     8
       Tailslap          |     7 |    25 |    34 |       ||    66
 Cast: Beastly Appendage |    20 |    46 |    40 |       ||   106
       Ice Form          |       |       |    13 |    14 ||    27
       Spider Form       |       |       |       |     1 ||     1
Evoke: Wand              |       |     2 |       |       ||     2
  Use: Scroll            |       |     7 |       |       ||     7
       Potion            |       |       |       |     2 ||     2
 Stab: Sleeping          |     1 |     1 |       |       ||     2
Armor: Skin              |    14 |    63 |   147 |    21 ||   245
Dodge: Dodged            |    52 |   122 |   221 |    53 ||   448
Block: Other             |     7 |     6 |       |       ||    13
       Reflection        |     1 |       |       |       ||     1

Table legend: (Time is in decaauts)
 A = Elapsed time spent in this place.
 B = Non-inter-level travel time spent in this place.
 C = Inter-level travel time spent in this place.
 D = Time resting spent in this place.
 E = Time spent auto-exploring this place.
 F = Levels seen in this place.
 G = Mean time per level.
                   A        B        C        D        E       F      G
               +--------+--------+--------+--------+--------+-----+--------+
         Total |  10062 |   9465 |    597 |    146 |   7466 |  13 |  774.0 |
       Dungeon |   8489 |   7906 |    583 |    146 |   6223 |   9 |  943.2 |
        Temple |     27 |     23 |      4 |      0 |     10 |   1 |   27.0 |
          Lair |   1282 |   1272 |     10 |      0 |   1087 |   2 |  641.0 |
         Sewer |    262 |    262 |      0 |      0 |    146 |   1 |  262.0 |
               +--------+--------+--------+--------+--------+-----+--------+

Top non-repeatable levels by time:
     D:8: 1661 daAuts
     D:2: 1381 daAuts
     D:6: 1146 daAuts
  Lair:1: 1125 daAuts
     D:7: 987 daAuts
     D:4: 866 daAuts
     D:1: 861 daAuts
     D:3: 789 daAuts
     D:5: 701 daAuts
   Sewer: 262 daAuts
  Lair:2: 157 daAuts
     D:9: 93 daAuts
  Temple: 27 daAuts
